 Dungeon Crawl Stone Soup version 0.31-a0-844-gdc52ec4e09 (webtiles) character file.

Game seed: 7181677364486145933

28 IdlyInterested the Sneak (level 2, 0/23 HPs)
             Began as a Demonspawn Wanderer on Sept 29, 2023.
             Slain by a worm (8 damage)
             ... on level 2 of the Dungeon.
             The game lasted 00:03:16 (777 turns).

IdlyInterested the Sneak (Demonspawn Wanderer)       Turns: 777, Time: 00:03:17

Health: 0/23       AC:  4    Str: 12    XL:     2   Next: 96%
Magic:  2/2        EV: 12    Int: 12    God:
Gold:   45         SH:  0    Dex: 13    Spells: 1/1 levels left

rFire   . . .        h - +1 short sword (freeze)
rCold   . . .        (no shield)
rNeg    . . .        q - +0 leather armour
rPois   .            (no helmet)
rElec   .            (no cloak)
rCorr   .            (no gloves)
SInv    .            e - +0 pair of boots
Will    .....        (no amulet)
Stlth   ++           (no ring)
HPRegen 0.23/turn    (no ring)
MPRegen 0.08/turn

%: no passive effects
@: no status effects
A: powered by pain 1
a: no special abilities


You were on level 2 of the Dungeon.
You visited 1 branch of the dungeon, and saw 2 of its levels.

You collected 45 gold pieces.

Inventory:

Hand Weapons
 a - a +0 dagger
 h - a +1 short sword of freezing (weapon)
 n - a +0 trident
 p - a +0 mace
 r - a +0 hand axe
Missiles
 b - an atropa-tipped dart (quivered)
 c - a datura-tipped dart
 d - 9 poisoned darts
 m - 10 stones
Armour
 e - a +0 pair of boots (worn)
 g - a +0 robe
 q - a +0 leather armour (worn)
Scrolls
 f - a scroll of summoning
 i - a scroll of vulnerability {unknown}
 j - 2 scrolls of fog {unknown}
 k - 2 scrolls of identify {unknown}
 l - a scroll of immolation {unknown}
 o - a scroll of poison {unknown}


   Skills:
 * Level 2.4 Fighting
 - Level 1.0 Short Blades
 - Level 1.0 Throwing
 + Level 0.3 Armour
 - Level 2.6 Dodging
 - Level 3.6 Stealth
 - Level 1.2 Invocations


You had one spell level left.
You didn't know any spells.
Your spell library was empty.

Dungeon Overview and Level Annotations

Branches:
Dungeon (2/15)

Altars:


Innate Abilities, Weirdness & Mutations

You sometimes gain a little power by taking damage.


Message History

You barely miss the endoplasm. The endoplasm freezes you.
You are frozen.
You barely miss the endoplasm.
The endoplasm hits you but does no damage.
You hit the endoplasm. You freeze the endoplasm.
The endoplasm is moderately wounded.
The endoplasm freezes you.
You are frozen.
You completely miss the endoplasm.
The endoplasm is moderately wounded.
The endoplasm hits you but does no damage.
You hit the endoplasm. You freeze the endoplasm.
You kill the endoplasm!
You hit the worm. You freeze the worm.
The worm is heavily wounded.
You hit the worm. You freeze the worm.
The worm is severely wounded.
A bat comes into view.
The worm bites you.
You hit the worm. You freeze the worm.
You kill the worm!
The worm barely misses you.
You hit the worm but do no damage. You completely miss the worm.
The bat closely misses you. The bat barely misses you. The worm bites you!
You hit the worm. You freeze the worm.
The worm is lightly wounded.
The bat closely misses you. The bat hits you but does no damage.
You hit the worm. You freeze the worm.
The worm is lightly wounded.
The bat barely misses you. The bat closely misses you.
The worm barely misses you.
You hit the worm but do no damage.
The worm is lightly wounded.
The bat hits you but does no damage.
You barely miss the worm.
The worm is lightly wounded.
The worm bites you!
You die...

.. ..###.
#....w# (
...#.... ..
##.....# ...
#....#. #..#
#....###....#
#....w@.....#
#.###b#.#...#
#<......# ##
#.......#
#.......#
..........#
......?....#
....#.......#
....#......r#


You could see a worm and a bat.

Vanquished Creatures
  A worm (D:2)
  3 endoplasms
  2 hobgoblins
  2 kobolds (D:1)
  A quokka (D:1)
  5 ball pythons
  5 bats
  A frilled lizard (D:1)
  A goblin (D:1)
  3 rats (D:1)
24 creatures vanquished.

Notes
Turn   | Place    | Note
-------+----------+-------------------------------------------
     0 | D:1      | IdlyInterested the Demonspawn Wanderer began the quest for
                  | the Orb.
     0 | D:1      | IdlyInterested set off with the following items: a +0
                  | dagger, an atropa-tipped dart, a datura-tipped dart, a +0
                  | short sword, a +0 pair of boots, a scroll of summoning, a
                  | +0 robe.
     0 | D:1      | Reached XP level 1. HP: 15/15 MP: 1/1
   224 | D:1      | Gained mutation: You sometimes gain a little power by
                  | taking damage. [demonic ancestry]
   224 | D:1      | Reached XP level 2. HP: 15/22 MP: 2/2
   557 | D:1      | Reached skill level 1 in Throwing
   558 | D:1      | Found a faded altar of an unknown god.
   558 | D:1      | Noticed a Brimstone Fiend
   777 | D:2      | Slain by a worm

Illustrated notes

Levels and vault maps discovered:
D:1:      arrival_zaba_pyramid, layout_rooms,
          dreamdust_ecumenical_altar_sealed_demon
D:2:      layout_basic, minmay_fractal_squares_5

Skill      XL: |  1  2 |
---------------+-------+-----
Fighting       | 2 |  2.4
Throwing       | 1 |  1.0
Short Blades   | |  1.0
Armour         | |  0.3
Dodging        | |  2.6
Stealth        | |  3.6
Invocations    | |  1.2

Action                     || total
---------------------------++-------
  Melee: Dagger            ||    51
         Short sword       ||    33
  Throw: Dart              ||     4
         Stone             ||     2
   Stab: Sleeping          ||     4
 Armour: Robe              ||    24
         Leather armour    ||    11
  Dodge: Dodged            ||    49

Table legend: (Time is in decaauts)
 A = Elapsed time spent in this place.
 B = Non-inter-level travel time spent in this place.
 C = Inter-level travel time spent in this place.
 D = Time resting spent in this place.
 E = Time spent auto-exploring this place.
 F = Levels seen in this place.
 G = Mean time per level.
                   A        B        C        D        E       F      G
               +--------+--------+--------+--------+--------+-----+--------+
         Total |    772 |    712 |     60 |     73 |    354 |   2 |  386.0 |
       Dungeon |    772 |    712 |     60 |     73 |    354 |   2 |  386.0 |
               +--------+--------+--------+--------+--------+-----+--------+

Top non-repeatable levels by time:
     D:1: 725 daAuts
     D:2: 47 daAuts
